 Dungeon Crawl Stone Soup version 0.29.1-15-g9cfb28693d (webtiles) character file.

Game seed: 260473571436939688

47 javelincjr the Magician (level 3, -4/26 HPs)
             Began as a Demonspawn Hedge Wizard on Apr 3, 2023.
             Was a Priest of Jiyva.
             Slain by an orc
             ... wielding a +0 trident
              (6 damage)
             ... on level 3 of the Dungeon.
             The game lasted 00:05:14 (1744 turns).

javelincjr the Magician (Demonspawn Hedge Wizard)   Turns: 1744, Time: 00:05:14

Health: -4/26      AC:  2    Str: 10    XL:     3   Next: 48%
Magic:  7/7        EV: 12    Int: 23    God:    Jiyva [***...]
Gold:   75         SH:  0    Dex: 10    Spells: 7/8 levels left

rFire   . . .      SeeInvis .   a - +0 dagger
rCold   . . .      Faith    .   (no shield)
rNeg    . . .      Spirit   .   b - +0 robe
rPois   .          Reflect  .   c - +0 hat
rElec   .          Harm     .   (no cloak)
rCorr   +          Rampage  .   (no gloves)
Will    .....      Clarity  +   (no boots)
Stlth   ++........              (no amulet)
HPRegen 1.20/turn               (no ring)
MPRegen 0.55/turn               (no ring)

@: no status effects
A: magic regeneration, weakness stinger 1, clarity, clever 2, mutation
resistance 1
a: Renounce Religion, Oozemancy


You were on level 3 of the Dungeon.
You worshipped Jiyva.
Jiyva was most pleased with you.
You visited 1 branch of the dungeon, and saw 3 of its levels.

You collected 75 gold pieces.

Inventory:

Hand Weapons
 a - a +0 dagger (weapon)
Armour
 b - a +0 robe (worn)
 c - a +0 hat (worn)
Scrolls
 g - 2 scrolls of blinking {unknown}
 i - 3 scrolls of identify {unknown}
 j - a scroll of immolation {unknown}
 k - 3 scrolls of amnesia {unknown}
Potions
 d - 2 potions of magic
 e - a potion of invisibility {unknown}
 f - 2 potions of might {unknown}
 h - a potion of curing {unknown}


   Skills:
 * Level 1.1 Fighting
 + Level 0.7 Armour
 + Level 2.0 Dodging
 - Level 1.8 Stealth
 * Level 3.3 Spellcasting
 + Level 1.3 Conjurations
 + Level 1.4 Summonings
 + Level 1.3 Translocations


You had 7 spell levels left.
You knew the following spells:

 Your Spells              Type           Power      Damage    Failure   Level
a - Magic Dart            Conj           40%        1d5       6%          1

Your spell library contained the following spells:

 Spells                   Type           Power      Damage    Failure   Level
 Blink                    Tloc           18%        N/A       10%         2
 Call Imp                 Summ           10%        N/A       10%         2
 Slow                     Hex            12%        N/A       12%         1
 Conjure Flame            Conj/Fire      6%         6-21      26%         3
 Mephitic Cloud           Conj/Pois/Air  5%         N/A       28%         3


Dungeon Overview and Level Annotations

Branches:
Dungeon (3/15)

Altars:
Jiyva


Innate Abilities, Weirdness & Mutations

You regenerate magic rapidly.
You have a small tail.
You possess an exceptional clarity of mind.
Your mind is very acute. (Int +8, Str/Dex -2)
You are somewhat resistant to further mutation.


Message History

The magic dart hits you.
* * * LOW HITPOINT WARNING * * *
You see here a +0 mace.
You feel momentarily confused.
Found a black potion.
There is an open door here.
You see here a +0 club.
You hit the orc but do no damage. The orc wizard casts a spell at you.
You feel momentarily confused. The orc hits you with a +0 dagger.
You closely miss the orc. The orc hits you with a +0 dagger.
You closely miss the orc. The orc barely misses you.
You hit the orc but do no damage. You tail-slap the orc.
Your punch misses the orc.
The orc is heavily wounded.
The orc misses you.
You closely miss the orc. You tail-slap the orc.
You kill the orc!
The orc wizard hits you with a +0 dagger.
You hit the orc wizard but do no damage.
The orc wizard closely misses you. The orc closely misses you.
You hit the orc wizard but do no damage.
The orc wizard barely misses you. The orc closely misses you.
You hit the orc wizard.
The orc wizard is lightly wounded.
The orc barely misses you.
The orc wizard points at you and mumbles some strange words.
The magic dart hits you!
You barely miss the orc wizard.
The orc wizard is lightly wounded.
The orc wizard casts a spell at you. The magic dart hits you!
The orc misses you.
You hit the orc wizard but do no damage.
You tail-slap the orc wizard.
The orc wizard is moderately wounded.
The orc wizard points at you and mumbles some strange words.
The magic dart hits you!
* * * LOW HITPOINT WARNING * * *
The orc hits you from afar with a +0 trident.
You die...

##########
#...)....#
#.######)# #.#..#
#.# #....# #@#
###.## #o# #.#
#o# #.# #o#
##.###.####'####
............>...#
...!..#.###...#.#
.##.#.#.# #...# #
.. # #.# #...#


You could see an orc wizard and 2 orcs.

Vanquished Creatures
  2 worms (D:2)
  A dart slug (D:1)
  2 orcs (D:3)
  3 bats (D:1)
  3 goblins
  4 hobgoblins
  2 jackals (D:1)
  10 kobolds
  A quokka (D:1)
  3 frilled lizards
  3 rats
34 creatures vanquished.

Vanquished Creatures (others)
  2 adders (D:2)
  A worm (D:2)
  2 endoplasms (D:2)
  A goblin (D:2)
  2 ball pythons
  A bat (D:2)
  A frilled lizard (D:2)
  2 kobolds (D:2)
12 creatures vanquished.

Grand Total: 46 creatures vanquished

Notes
Turn   | Place    | Note
-------+----------+-------------------------------------------
     0 | D:1      | javelincjr the Demonspawn Hedge Wizard began the quest for
                  | the Orb.
     0 | D:1      | Reached XP level 1. HP: 13/13 MP: 4/4
    69 | D:1      | Found a faded altar of an unknown god.
   180 | D:1      | Prayed at the altar of an unknown god.
   180 | D:1      | Became a worshipper of Jiyva Jaguje the Shapeless
   180 | D:1      | Reached * piety under Jiyva
   199 | D:1      | Reached skill level 1 in Translocations
   289 | D:1      | Gained mutation: You have a small tail. [demonic ancestry]
   289 | D:1      | Reached XP level 2. HP: 20/20 MP: 1/6
   384 | D:1      | Reached ** piety under Jiyva
   805 | D:2      | Gained mutation: You regenerate magic rapidly. [demonic
                  | ancestry]
   805 | D:2      | Reached XP level 3. HP: 13/25 MP: 2/7
   943 | D:2      | Reached skill level 1 in Fighting
  1035 | D:2      | Identified the +2 ring mail of the Distant Future {rC-
                  | Int+5}
  1160 | D:2      | Reached *** piety under Jiyva
  1221 | D:2      | Gained mutation: Your mind is acute. (Int +4, Str/Dex -1)
                  | [Jiyva's grace]
  1221 | D:2      | Gained mutation: Your mind is very acute. (Int +8, Str/Dex
                  | -2) [Jiyva's grace]
  1221 | D:2      | Gained mutation: You possess an exceptional clarity of
                  | mind. [Jiyva's grace]
  1221 | D:2      | Gained mutation: You are somewhat resistant to further
                  | mutation. [Jiyva's grace]
  1744 | D:3      | Slain by an orc

Illustrated notes

Levels and vault maps discovered:
D:1:      heliophobic_arrival_enchanted_forest, layout_basic,
          hellmonk_ecumenical_altar_zigzags, hex_intersection,
          minmay_indecisive_spiral
D:2:      minmay_evil_eye, layout_loops_corners
D:3:      layout_basic, mainiacjoe_overflow_brackets

Skill      XL: |  1  2  3 |
---------------+----------+-----
Translocations | 1 |  1.3
Dodging        | 2 |  2.0
Fighting       | 1 |  1.1
Armour         | |  0.7
Stealth        | |  1.8
Spellcasting   | |  3.3
Conjurations   | |  1.3
Summonings     | |  1.4

Action                   || total
-------------------------++-------
Melee: Dagger            ||    50
       Tailslap          ||     7
 Cast: Magic Dart        ||    76
Armor: Robe              ||     7
Dodge: Dodged            ||    43
